 Dungeon Crawl Stone Soup version 0.16-a0-393-g278d215 (webtiles) character file.

98 MackTheKnife the Ruffian (level 4, 0/38 HPs)
             Began as a Ghoul Monk on Sept 14, 2014.
             Slain by a gnoll
             ... wielding a +0 halberd
              (11 damage)
             ... on Level 2 of the Dungeon.
             The game lasted 00:02:44 (1690 turns).

MackTheKnife the Ruffian (Ghoul Monk)               Turns: 1690, Time: 00:02:44

HP   0/38        AC  3     Str 14      XL: 4   Next: 71%
MP   3/3         EV 12     Int  5      God:
Gold 155         SH  0     Dex 12      Spells:  0 memorised,  3 levels left

rFire  . . .     SeeInvis .       - Unarmed
rCold  + . .     Clarity  .     a - +0 robe
rNeg   + + +     rCorr    .     (no shield)
rPois  +         rRot     +     b - +0 helmet
rElec  .         Spirit   .     (no cloak)
SustAb .         Warding  .     (no gloves)
rMut   .         Stasis   .     (no boots)
Saprov + + +                    (no amulet)
MR     .....                    (no ring)
                                (no ring)

@: rotting, not resistant to hostile enchantments, unstealthy
A: rotting body, claws 1, carnivore 3, cold resistance 1, negative energy
resistance 3, poison resistance, saprovore 3, slow healing 1, torment
resistance, unbreathing
a: no special abilities


You were on level 2 of the Dungeon.
You were not hungry.

You visited 1 branch of the dungeon, and saw 2 of its levels.

You collected 155 gold pieces.


Innate Abilities, Weirdness & Mutations

Your body is rotting away.
You have sharp fingernails.
You are carnivorous and can eat meat at any time.
Your flesh is cold resistant.
You are immune to negative energy.
Your system is resistant to poisons.
You thrive on rotten meat.
You heal slowly when monsters are visible.
You are immune to unholy pain and torment.
You can survive without breathing.


   Skills:
 - Level 3.2 Fighting
 - Level 2.6 Dodging
 - Level 2.1 Stealth
 + Level 6.5 Unarmed Combat


You had 3 spell levels left.
You didn't know any spells.

Inventory:

Armour
 a - a +0 robe (worn)
 b - a +0 helmet (worn)
Comestibles
 f - a royal jelly
 h - a slice of pizza
Scrolls
 c - a scroll of immolation {unknown}
 e - a scroll of remove curse
 g - a scroll of random uselessness {unknown}
 i - a scroll of identify
 k - a scroll of recharging {unknown}
 m - a scroll of teleportation {unknown}
Potions
 d - 3 potions of heal wounds
 j - a potion of magic {unknown}
 l - a potion of flight {unknown}
 n - a potion of curing {unknown}

·······▒▒ ▒·▒▒·▒
▒·▒▒▒▒▒·▒▒▒····
▒▒▒·▒▒▒·▒▒▒·▒▒·▒
▒··············
▒·▒··········▒▒▒▒▒▒▒▒·▒·····▒▒▒
▒·▒·▒)··············)·▒▒▒▒··▒ ▒
▒····▒·)·······▒▒▒▒▒▒▒▒ ▒·(▒ ▒
▒·▒·▒▒····▒▒▒▒·▒▒▒▒▒▒▒▒▒▒▒··▒ ▒
▒·▒·▒▒)···▒ ▒··············▒▒▒
▒·▒·▒▒···▒▒ ▒·▒▒▒▒▒▒▒▒▒▒▒·▒▒▒·
▒·▒·▒▒···▒▒▒▒▒n▒▒▒▒▒▒▒▒▒▒▒>▒ ▒·
▒▒·▒·▒▒······▒g·········(···▒
▒·
▒▒····▒▒···▒▒·▒·g▒▒▒▒▒▒▒▒▒▒··▒
▒· ▒······<·g·▒▒·▒··▒ ▒··▒ ▒·
▒▒····▒▒(········▒▒▒▒▒▒▒▒▒▒··▒
▒·
▒▒·▒·▒▒▒▒···················▒
▒· ▒▒▒··▒ ▒▒▒▒·▒%▒▒▒▒▒▒▒▒▒▒▒·▒▒
▒▒ ▒▒·▒ ▒·▒·▒▒▒▒▒▒▒▒▒▒▒·▒ ▒·▒
▒g▒·············▒ ▒▒


You could see 2 gnolls.


Message History

There is a stone staircase leading down here.
The gnoll is too close now for your liking.
There are monsters nearby!
There are monsters nearby!
The gnoll shouts!
The gnoll closely misses you.
You scratch the gnoll.
The gnoll is moderately wounded.
You claw the gnoll!
You kill the gnoll!
No target in view!
No target in view!
Things that are here:
a glowing halberd; a gnoll corpse A gnoll is nearby!
A gnoll is nearby!
A gnoll is nearby!
The gnoll shouts!
The gnoll hits you from afar with a halberd!
The gnoll barely misses you.
You scratch the gnoll.
The gnoll is moderately wounded.
You claw the gnoll!
The gnoll is almost dead.
The gnoll hits you with a halberd!
* * * LOW HITPOINT WARNING * * *
You completely miss the gnoll.
The gnoll is almost dead.
The gnoll hits you from afar with a halberd!
You die...

Action                   |  1- 3 |  4- 6 || total
-------------------------+-------+-------++-------
Melee: Unarmed           |    90 |    31 ||   121
  Use: Scroll            |     1 |     1 ||     2
 Stab: Sleeping          |     3 |     2 ||     5
  Eat: Chunk             |     4 |     2 ||     6

Vault maps used:
D:1:      minmay_arrival_checkered_box, hangedman_abyss_or_decor_lesser_grid,
          st_stairs_14

Notes
Turn   | Place    | Note
--------------------------------------------------------------
     0 | D:1      | MackTheKnife, the Ghoul Monk, began the quest for the Orb.
     0 | D:1      | Reached XP level 1. HP: 19/19 MP: 1/1
    85 | D:1      | Reached XP level 2. HP: 26/26 MP: 2/2
   180 | D:1      | Reached skill level 5 in Unarmed Combat
   716 | D:2      | Reached XP level 3. HP: 25/31 MP: 3/3
   948 | D:2      | Reached skill level 6 in Unarmed Combat
   948 | D:2      | Reached XP level 4. HP: 24/38 MP: 3/3
  1690 | D:2      | Slain by a gnoll

Vanquished Creatures
  3 adders (D:2)
  2 gnolls (D:2)
  A giant mite (D:2)
  2 ball pythons
  6 bats
  3 giant cockroaches
  7 goblins
  3 hobgoblins (D:1)
  4 giant geckos (D:1)
  3 giant newts
  7 kobolds
  3 rats (D:1)
44 creatures vanquished.
